 Dungeon Crawl Stone Soup version 0.27.1-33-g824d729ab1 (webtiles) character file.

Game seed: 17058726885217487520

498 belegose the Sneak (level 7, -9/52 HPs)
             Began as a Djinni Delver on Dec 9, 2021.
             Mangled by a gnoll (12 damage)
             ... on level 5 of the Dungeon.
             The game lasted 00:16:31 (7008 turns).

belegose the Sneak (Djinni Delver)                  Turns: 7008, Time: 00:16:31

Health: -9/52      AC:  4    Str: 15 (17) XL:     7   Next: 39%
Gold:   313        EV: 12    Int: 13 (14) God:
                   SH:  0    Dex: 12 (14)

rFire    + + .     SeeInvis .   a - +0 falchion (holy)
rCold    x . .     Faith    .   (no shield)
rNeg     . . .     Spirit   .   b - +0 leather armour
rPois    ∞         Reflect  .   m - +0 helmet
rElec    .         Harm     .   (no cloak)
rCorr    .         Rampage  .   (no gloves)
Will     .....                  (boots unavailable)
Stlth    +.........             (no amulet)
HPRegen  0.17/turn              f - +6 ring of strength
MPRegen  0.00/turn              (no ring)

@: brilliant, lit by a corona, attractive, flying, glowing
A: sickness immunity, fire resistance 2, cold vulnerability 1, float, innate
caster, hp casting, extra vitality 1
a: no special abilities


You were on level 5 of the Dungeon.
You visited 1 branch of the dungeon, and saw 6 of its levels.

You collected 313 gold pieces.

Inventory:

Hand Weapons
 a - a +0 falchion of holy wrath (weapon)
Missiles
 i - 110 stones
 q - 20 poisoned darts (quivered)
 s - 6 boomerangs
 w - 3 throwing nets
Armour
 b - a +0 leather armour (worn)
 m - a +0 helmet (worn)
Jewellery
 f - a +6 ring of strength (left hand)
Wands
 g - a wand of digging (3)
Scrolls
 c - a scroll of fog
 d - a scroll of magic mapping
 e - a scroll of fear
 h - 3 scrolls of enchant weapon {unknown}
 j - 5 scrolls of identify {unknown}
 l - 3 scrolls of teleportation {unknown}
 o - a scroll of blinking {unknown}
 p - a scroll of amnesia {unknown}
 t - a scroll of immolation {unknown}
Potions
 k - a potion of attraction


   Skills:
 - Level 4.1 Fighting
 - Level 3.1 Long Blades
 + Level 1.3 Throwing
 - Level 3.7 Dodging
 - Level 4.8 Stealth
 + Level 2.8 Spellcasting


You had 5 spell levels left.
You knew the following spells:

 Your Spells              Type           Power      Damage    Failure   Level
a - Corona                Hex            14%        N/A       9%          1
b - Blink                 Tloc           N/A        N/A       14%         2
c - Portal Projectile     Hex/Tloc       26%        N/A       26%         3
Your spell library was empty.

Dungeon Overview and Level Annotations

Branches:
Dungeon (6/15)
 Temple: D:4-7

Altars:
Cheibriados
Elyvilon

Annotations:
D:4 exclusion: wyvern
D:5 exclusions: black bear and ogre


Innate Abilities, Weirdness & Mutations

You are immune to sickness and miasma.
You are immune to poison.
Your flesh is very heat resistant. (rF++)
You are vulnerable to cold. (rC-)
You float through the air rather than walking.
You learn spells naturally, not from books.
Your magical power is your life essence.
You have superior vitality. (+4 HP)


Message History

You are outlined in light.
The gnoll hits you but does no damage.
Okay, then.
As you read the scroll of fear, it crumbles to dust.
You assume a fearsome visage.
The gnoll shaman looks frightened!
The gnoll looks frightened! x2; The gnoll shaman is pulled toward you!
The gnoll is pulled toward you! x2
Unknown command.
The gnoll looks more healthy.
The gnoll shaman is pulled toward you! The gnoll is pulled toward you! x2
The gnoll shaman is pulled toward you! The gnoll is pulled toward you! x2
The gnoll shaman is pulled toward you! The gnoll is pulled toward you! x2
The gnoll shaman is pulled toward you! The gnoll is pulled toward you! x2
Okay, then.
You catch the helpless gnoll completely off-guard!
You hit the gnoll.
You kill the gnoll!
The gnoll shaman is pulled toward you! The gnoll is pulled toward you!
You barely miss the gnoll shaman.
You feel less wooden.
Your +0 helmet unmelds from your body.
Your +0 leather armour unmelds from your body.
The gnoll shaman is pulled toward you! The gnoll is pulled toward you!
Unknown command.
The gnoll shaman is pulled toward you! The gnoll is pulled toward you!
Things that are here:
a +0 flail; a gnoll corpse The gnoll shaman is pulled toward you!
The gnoll is pulled toward you! The gnoll shaman is pulled toward you!
The gnoll is pulled toward you! The gnoll is pulled toward you!
The gnoll shaman is pulled toward you!
There is an open door here.
The gnoll shaman is pulled toward you! The gnoll is pulled toward you!
The gnoll shaman is pulled toward you! The gnoll is pulled toward you!
The gnoll seems to regain its courage.
The gnoll is pulled toward you! The gnoll shaman is pulled toward you!
The gnoll barely misses you. The gnoll is pulled toward you!
The gnoll shaman is pulled toward you!
The gnoll shaman seems to regain its courage.
The gnoll is no longer moving quickly.
The gnoll barely misses you.
The gnoll hits you from afar with a +0 halberd!
You die...

#..#............#..<..
#..#............#.....
#..#............#.....
#..#..........O.#..... .≈
#..#............#.....
...#..#............#.....
.≈.≈ #..######## #.....
≈.≈.###..## ######
........@.# #.........#
#..(...gg.#
######..######### #
...##..#)......# #
#.......'.......# #
#.......#.()....# #
#.......#.......# #
#.......#.......# #


You could see a gnoll shaman and a gnoll.

Vanquished Creatures
  A sky beast (D:5)
  A scorpion (D:4)
  A bullfrog zombie (D:5)
  An orc priest (D:5)
  A bullfrog skeleton (D:4)
  2 orc wizards (D:5)
  A hound skeleton (D:4)
  6 gnolls (D:5)
  6 adders
  3 worms
  A dart slug (D:2)
  11 orcs
  2 ball pythons
  An endoplasm (D:4)
  6 giant cockroaches
  2 goblins
  4 hobgoblins
  4 jackals (D:1)
  2 kobolds
  7 quokkas
  A bat (D:1)
  4 frilled lizards
  5 rats
73 creatures vanquished.

Notes
Turn   | Place    | Note
-------+----------+-------------------------------------------
     0 | D:5      | belegose the Djinni Delver began the quest for the Orb.
     0 | D:5      | Reached XP level 1. HP: 20/20 MP: 0/0
   148 | D:3      | Reached XP level 2. HP: 25/25 MP: 0/0
   580 | D:3      | Reached XP level 3. HP: 30/30 MP: 0/0
   580 | D:3      | Learned a level 1 spell: Corona
  1846 | D:1      | Found a faded altar of an unknown god.
  1869 | D:1      | Reached XP level 4. HP: 29/35 MP: 0/0
  3618 | D:4      | Reached XP level 5. HP: 29/41 MP: 0/0
  3618 | D:4      | Learned a level 2 spell: Blink
  3830 | D:4      | You are sucked into a shaft and drop 2 floors!
  3830 | D:6      | Found a snail-covered altar of Cheibriados.
  4354 | D:4      | Noticed a wyvern
  4435 | D:4      | Reached skill level 1 in Spellcasting
  4435 | D:4      | Reached XP level 6. HP: 27/47 MP: 0/0
  5805 | D:5      | Noticed a black bear
  5894 | D:5      | Noticed a sky beast
  5916 | D:5      | Killed a sky beast
  5917 | D:5      | Reached XP level 7. HP: 29/52 MP: 0/0
  5917 | D:5      | Learned a level 3 spell: Portal Projectile
  6097 | D:5      | Found a white marble altar of Elyvilon.
  6284 | D:5      | Identified the +1 chain mail of the Armadillo {rElec
                  | Regen+}
  6749 | D:5      | Reached skill level 1 in Throwing
  6981 | D:5      | HP: 2/52 [gnoll (13)]
  6989 | D:5      | HP: 3/78 [gnoll shaman (5)]
  6992 | D:5      | HP: 1/78 [gnoll (2)]
  7008 | D:5      | Mangled by a gnoll

Illustrated notes

Levels and vault maps discovered:
D:1:      ebering_trefoil_3fold, layout_basic,
          shapermc_ecumenical_altar_starsandcircs
D:2:      layout_rooms
D:3:      layout_basic
D:4:      layout_basic, minmay_ruptured
D:5:      layout_gridville, nicolae_ru_path_of_blood,
          mainiacjoe_overflow_alcove_1
D:6:      layout_loops_cross, cheibriados_altar_1, minmay_temple_entry_junction,
          uniq_pikel

Skill      XL: |  1  2  3  4  5  6  7 |
---------------+----------------------+-----
Long Blades    | 2 3 |  3.1
Dodging        | 3 |  3.7
Fighting       | 4 |  4.1
Spellcasting   | 1 2 |  2.8
Throwing       | 1 |  1.3
Stealth        | |  4.8

Action                   |  1- 3 |  4- 6 |  7- 9 || total
-------------------------+-------+-------+-------++-------
Melee: Falchion          |    86 |   163 |    66 ||   315
Throw: Stone             |     4 |     5 |       ||     9
       Dart              |       |     7 |    22 ||    29
 Cast: Corona            |     1 |       |       ||     1
  Use: Potion            |       |     1 |     8 ||     9
       Scroll            |       |       |     1 ||     1
 Stab: Sleeping          |     8 |     9 |     1 ||    18
       Fleeing           |       |       |     1 ||     1
Armor: Leather armour    |    15 |    44 |    17 ||    76
       Skin              |       |       |    28 ||    28
Dodge: Dodged            |    57 |    92 |    61 ||   210
       Rpst.: Falchion   |    14 |    19 |    14 ||    47
